AoeStats
← K ingaete 6787

Oasis

509624046Analyzed
2v2 RM · 4d ago on Sep 27, 2026· 25m 37s· 4 players
Game mode
Random Map
Map size
Medium (4 player)
Population
200
Speed
Normal
Resources
Standard
Victory
Conquest
Starting age
Dark Age
Ending age
Imperial Age
RankedLock teamsTeams togetherTeam positionsShared explorationLock speedFull tech treeHidden civsTurbo modeCheats
Victory
Defeat
🇨🇱 Burgundians · Chile
698
+14
🇨🇱 Danes · Chile
675
+15
🇮🇩 Magyars · Indonesia
689
-16
🇧🇷 Bohemians · Brazil
622
-13
nohacenadi3489
12:06 Feudal Age
16:21 Castle Age
K ingaete 6787
10:29 Feudal Age
8:44 Loom
15:42 Double-Bit Axe
21:47 Castle Age
21:59 Light Cavalry
26:06 Husbandry
GibranRakatiwing
0:36 Loom
12:10 Feudal Age
14:43 Double-Bit Axe
14:51 Gold Mining
15:28 Horse Collar
17:18 Scale Barding Armor
17:57 Fletching
18:08 Padded Archer Armor
21:07 Stone Mining
27:49 Castle Age
Bugio
10:56 Feudal Age
16:52 Wheelbarrow
18:23 Castle Age
22:33 Double-Bit Axe
24:31 Bow Saw
25:54 Wheelbarrow
Connection lost

Rejoining the realm…

Still unreachable

The connection could not be restored.

Session expired

The server has moved on; the page needs a fresh start.